Map: Habitation Station LE (Void)

Players

Drager

  • Race: Protoss Protoss
  • Spawn Location: 1:00

DeMusliM - Winner!

  • Race: Terran Terran
  • League: Master
  • Spawn Location: 11:00

Event: WESG 2016 Finals

VOD

Have the link to the VOD?

Description

Time

  • Played on: Jan. 12, 2017, 5:55 a.m.
  • Length: 7:29

All games in this series

Show
View Real Time Build Order
Export as new Build Order

Drager Protoss 

Build Orders: Oracle Opening 

Get SALT Encoding   

  12  0:01  Probe (Chrono Boost)  
  13  0:12  Probe (Chrono Boost)  
  14  0:19  Pylon  
  14  0:22  Probe (Chrono Boost)  
  15  0:37  Gateway, Probe (Chrono Boost)  
  16  0:46  Assimilator  
  16  0:47  Probe (Chrono Boost)  
  16  0:49  Assimilator  
  17  0:58  Probe (Chrono Boost)  
  18  1:08  Probe (Chrono Boost)  
  18  1:11  Pylon  
  19  1:19  Probe (Chrono Boost)  
  19  1:24  Cybernetics Core  
  20  1:30  Probe (Chrono Boost)  
  21  1:40  Probe (Chrono Boost)  
  22  1:51  Probe (Chrono Boost)  
  23  1:57  Adept  
  25  2:01  Stargate  
  25  2:09  Warp Gate  
  25  2:12  Probe (Chrono Boost)  
  26  2:20  Pylon  
  26  2:24  Probe (Chrono Boost)  
  26  2:26  Adept  
  29  2:40  Oracle  
  31  2:58  Nexus  
  31  3:00  Probe (Chrono Boost)  
  33  3:12  Probe (Chrono Boost)  
  33  3:16  Void Ray  
  32  3:25  Probe (Chrono Boost)  
  37  3:40  Probe (Chrono Boost)  
  38  3:52  Probe (Chrono Boost)  
  39  4:04  Void Ray  
  39  4:12  Probe (Chrono Boost)  
  39  4:15  Probe (Chrono Boost)  
  41  4:24  Gateway, Probe (Chrono Boost)  
  42  4:25  Gateway  
  42  4:27  Gateway  
  42  4:31  Gateway  
  44  4:40  Adept  
  44  4:43  Void Ray  
  44  4:45  Probe (Chrono Boost)  
  46  4:46  Probe (Chrono Boost)  
  50  5:10  Probe (Chrono Boost)  
  50  5:12  Probe (Chrono Boost), Gateway  
  50  5:13  Gateway, Pylon  
  52  5:22  Pylon  
  52  5:26  Void Ray  
  52  5:31  Pylon  
  52  5:33  Sentry x3  
  62  5:40  Adept  
  64  5:42  Gateway  
  64  5:46  Adept  
  66  5:55  Probe (Chrono Boost)  
  67  5:57  Adept x2, Pylon  
  67  5:58  Adept  
  69  6:20  Adept x5  
  69  6:31  Adept x2  
  37  6:44  Adept x6  
  46  6:48  Probe (Chrono Boost)  
  46  6:49  Probe (Chrono Boost)  
  46  6:51  Assimilator  
  48  6:58  Probe (Chrono Boost)  
  49  7:04  Adept x4  
  49  7:05  Adept  
  59  7:09  Pylon  
  59  7:18  Adept x2  
Show
View Real Time Build Order
Export as new Build Order

DeMusliM Terran - Winner!

Build Orders: Cyclone Opening, Reaper Expand 

Get SALT Encoding   

  12  0:02  SCV  
  13  0:14  SCV  
  13  0:17  Supply Depot  
  14  0:26  SCV  
  14  0:28  Refinery  
  15  0:39  SCV  
  16  0:45  Barracks  
  16  0:51  SCV  
  17  1:03  SCV  
  18  1:16  SCV  
  19  1:32  Orbital Command  
  19  1:33  Reaper  
  20  1:42  Command Center  
  20  1:52  Factory  
  20  1:58  SCV  
  21  2:02  Refinery  
  21  2:06  Barracks Reactor  
  21  2:10  SCV  
  21  2:15  Supply Depot  
  22  2:22  SCV  
  23  2:29  Engineering Bay  
  23  2:36  SCV  
  24  2:38  Cyclone  
  27  2:46  Marine  
  27  2:47  Marine  
  29  2:57  Missile Turret  
  29  2:59  Orbital Command  
  29  3:05  Marine x2  
  31  3:16  Cyclone  
  34  3:27  Marine x2  
  34  3:32  Starport  
  36  3:36  SCV x2  
  36  3:38  Missile Turret  
  38  3:45  Marine x2  
  38  3:46  Supply Depot  
  40  3:50  Widow Mine  
  40  3:51  SCV  
  40  3:53  SCV  
  44  3:57  Bunker  
  44  4:14  SCV x2  
  45  4:17  Marine x2  
  45  4:21  Viking  
  45  4:24  Barracks  
  49  4:26  Factory Tech Lab  
  49  4:30  SCV x2  
  51  4:34  Supply Depot  
  51  4:37  Marine x2  
  53  4:42  SCV  
  54  4:51  Barracks, Starport Reactor  
  54  4:52  Factory Reactor  
  54  4:56  SCV  
  54  4:59  SCV  
  51  5:04  Missile Turret  
  51  5:05  Marine x2  
  53  5:08  SCV  
  53  5:11  SCV  
  55  5:14  Supply Depot  
  55  5:15  Terran Infantry Weapons Level 1  
  55  5:20  SCV  
  56  5:23  SCV  
  56  5:26  Marine x3, Stimpack  
  60  5:29  Viking  
  62  5:36  Viking  
  62  5:39  Refinery  
  64  5:42  Supply Depot  
  64  5:45  Marine x3  
  64  5:47  SCV x2  
  69  5:51  Supply Depot  
  69  5:52  Marine  
  70  5:59  Supply Depot  
  70  6:04  Marine x4, Medivac  
  70  6:06  Medivac  
  72  6:19  Marine, SCV x2  
  72  6:21  Marine x2  
  72  6:28  Marine x2  
  72  6:31  SCV x2  
  67  6:37  Marine  
  67  6:39  Marine  
  69  6:43  SCV x2  
  69  6:46  Medivac  
  73  6:47  Medivac  
  75  6:55  SCV x2  
  77  7:04  Marine x2  
  77  7:07  SCV x2  
  81  7:09  Marine x2  
Tags
 
Add a new tag
Caveats
  • Supply blocks, unpowered buildings, or Contaminate may cause inaccurate times.
  • Supply counts are checked every 10 seconds.